 Dungeon Crawl Stone Soup version 0.28-a0-697-g47f3eba078 (webtiles) character file.

Game seed: 17535603615847873403

9 tatocazan the Skirmisher (level 2, 24/24 HPs)
             Began as a Demonspawn Fighter on Oct 23, 2021.
             Quit the game on level 1 of the Dungeon.
             The game lasted 00:00:30 (678 turns).

tatocazan the Skirmisher (Demonspawn Fighter)        Turns: 678, Time: 00:00:30

Health: 24/24      AC:  6    Str: 16    XL:     2   Next: 3%
Magic:  2/2        EV:  9    Int:  9    God:
Gold:   12         SH:  4    Dex: 12    Spells: 1/1 levels left

rFire   . . .      SeeInvis .   a - +0 war axe
rCold   . . .      Faith    .   c - +0 buckler
rNeg    . . .      Spirit   .   b - +0 scale mail
rPois   .          Reflect  .   (helmet restricted)
rElec   .          Harm     .   (no cloak)
rCorr   .          Rampage  .   (no gloves)
Will    .....                   (no boots)
Stlth   ..........              (no amulet)
HPRegen 0.08/turn               (no ring)
MPRegen 0.08/turn               (no ring)

@: no status effects
A: antennae 1
a: no special abilities


You were on level 1 of the Dungeon.
You visited 1 branch of the dungeon, and saw 1 of its levels.

You collected 12 gold pieces.

Inventory:

Hand Weapons
 a - a +0 war axe (weapon)
Armour
 b - a +0 scale mail (worn)
 c - a +0 buckler (worn)
Scrolls
 e - a scroll of identify {unknown}
 f - a scroll of enchant weapon {unknown}
Potions
 d - a potion of might
 g - a potion of degeneration {unknown}
 h - a potion of resistance {unknown}


   Skills:
 + Level 3.1 Fighting
 + Level 2.0 Axes
 + Level 2.8 Armour
 + Level 2.8 Shields


You had one spell level left.
You didn't know any spells.
Your spell library was empty.

Dungeon Overview and Level Annotations

Branches:
Dungeon (1/15)

Altars:


Innate Abilities, Weirdness & Mutations

You have a pair of small antennae on your head.


Message History

A goblin is nearby!
A goblin is nearby!
A goblin is nearby!
A goblin is nearby!
The bat closely misses you. The goblin hits you but does no damage.
You barely miss the bat. You hit the goblin.
You kill the goblin!
The bat closely misses you. The bat hits you but does no damage.
You closely miss the bat. The bat barely misses you.
The bat hits you but does no damage. The bat hits you.
You take 1 damage, and have 17/18 hp.
You closely miss the bat. The bat hits you. You block the bat's attack.
You take 1 damage, and have 16/18 hp.
You barely miss the bat. You block the bat's attack. x2
Found 4 gold pieces.
The bat hits you.
You take 1 damage, and have 15/18 hp.
The bat barely misses you. x2
You closely miss the bat. You block the bat's attack.
You closely miss the bat. The bat closely misses you.
The bat hits you but does no damage.
You barely miss the bat. The bat hits you.
You take 1 damage, and have 14/18 hp.
The bat completely misses you. The bat barely misses you.
You block the bat's attack.
You barely miss the bat. The bat hits you but does no damage.
You block the bat's attack.
You slash the bat!
You kill the bat!
Your Axes skill increases to level 2!
You have reached level 2!
Your demonic ancestry asserts itself...
A pair of antennae grows on your head!
You regained 5 hp, and now have 20/24 hp.
MP restored: 2 You now have 12 gold pieces.
A hobgoblin comes into view.
The hobgoblin shouts!
You see here 4 gold pieces.
Health restored: 24 Are you sure you want to abandon this character and quit the game? (Confirm with "yes".)

##### ##...##
##.....## #
##.......###### .#
#.........#... .#
####..†........##.#
.............##..##
..............@...#
###..#.....####..#.#
#..##.).## ..# #..
##.## ..#
#..###.######..#
#..............#
#...###.######g#
#.#.###.# ..
#....##.#


You could see a hobgoblin.

Vanquished Creatures
  2 bats (D:1)
  2 endoplasms (D:1)
  2 frilled lizards (D:1)
  2 goblins (D:1)
8 creatures vanquished.

Notes
Turn   | Place    | Note
-------+----------+-------------------------------------------
     0 | D:1      | tatocazan the Demonspawn Fighter began the quest for the
                  | Orb.
     0 | D:1      | Reached XP level 1. HP: 18/18 MP: 1/1
   624 | D:1      | Gained mutation: You have a pair of small antennae on your
                  | head. [demonic ancestry]
   624 | D:1      | Reached XP level 2. HP: 20/24 MP: 2/2
   678 | D:1      | Quit the game

Illustrated notes

Levels and vault maps discovered:
D:1:      dpeg_arrival_round_c, layout_loops_ring,
          ebering_ecumenical_altar_rust, corexii_corridor_pit

Skill      XL: |  1 |
---------------+----+-----
Axes           | 2 |  2.0
Fighting       | |  3.1
Armour         | |  2.8
Shields        | |  2.8

Action                   || total
-------------------------++-------
Melee: War axe           ||    30
Armor: Scale mail        ||    18
Dodge: Dodged            ||    16
Block: Buckler           ||     8

Table legend: (Time is in decaauts)
 A = Elapsed time spent in this place.
 B = Non-inter-level travel time spent in this place.
 C = Inter-level travel time spent in this place.
 D = Time resting spent in this place.
 E = Time spent auto-exploring this place.
 F = Levels seen in this place.
 G = Mean time per level.
                   A        B        C        D        E       F      G
               +--------+--------+--------+--------+--------+-----+--------+
         Total |    691 |    691 |      0 |    223 |    387 |   1 |  691.0 |
       Dungeon |    691 |    691 |      0 |    223 |    387 |   1 |  691.0 |
               +--------+--------+--------+--------+--------+-----+--------+

Top non-repeatable levels by time:
     D:1: 691 daAuts
